 Dungeon Crawl Stone Soup version 0.31-a0-237-g2d982f9f85 (webtiles) character file.

Game seed: 9748243192433151770

67 qw the Shooter (level 4, -3/36 HPs)
             Began as a Minotaur Hexslinger on July 11, 2023.
             Slain by a gnoll
             ... wielding a +0 whip of electrocution
              (5 damage)
             ... on level 2 of the Dungeon.
             The game lasted 00:00:25 (1099 turns).

qw the Shooter (Minotaur Hexslinger)                Turns: 1099, Time: 00:00:25

Health: -3/36      AC:  5    Str: 12    XL:     4   Next: 0%
Magic:  4/4        EV: 12    Int: 10    God:
Gold:   71         SH:  0    Dex: 15    Spells: 4/5 levels left

rFire   . . .        Y - +1 sling
rCold   . . .        (no shield)
rNeg    . . .        f - +2 leather armour {Will+}
rPois   .            (helmet restricted)
rElec   .            (no cloak)
rCorr   .            (no gloves)
SInv    .            (no boots)
Will    +....        (no amulet)
Stlth   +            (no ring)
HPRegen 0.26/turn    (no ring)
MPRegen 0.09/turn

%: no passive effects
@: no status effects
A: horns 2, retaliatory headbutt
a: no special abilities


You were on level 2 of the Dungeon.
You visited 1 branch of the dungeon, and saw 2 of its levels.

You collected 71 gold pieces.


Innate Abilities, Weirdness & Mutations

You have a pair of horns on your head.
You reflexively headbutt those who attack you in melee.


   Skills:
 - Level 2.0 Fighting
 + Level 4.5 Ranged Weapons
 - Level 2.1 Dodging
 - Level 1.0 Spellcasting
 - Level 2.0 Hexes


You had 4 spell levels left.
You knew the following spells:

 Your Spells              Type           Power      Damage    Failure   Level
a - Slow                  Hex            16%        N/A       19%         1

Your spell library contained the following spells:

 Spells                   Type           Power      Damage    Failure   Level
 Inner Flame              Hex/Fire       2%         N/A       65%         3
 Portal Projectile        Hex/Tloc       4%         N/A       65%         3
 Cause Fear               Hex            2%         N/A       88%         4

Inventory:

Hand Weapons
 Y - a +1 sling (weapon)
Armour
 f - a +2 leather armour of willpower (worn)
Scrolls
 b - a scroll of enchant armour {unknown}
Potions
 a - a potion of enlightenment {unknown}
 c - a potion of cancellation {unknown}
 k - a potion of invisibility {unknown}

Dungeon Overview and Level Annotations

Branches:
Dungeon (2/15)

Altars:


Message History

The sling bullet barely misses the gnoll.
The gnoll barely misses you. The gnoll hits you but does no damage.
You shoot a sling bullet. The sling bullet hits the gnoll.
The gnoll is moderately wounded.
The gnoll barely misses you. The gnoll hits you but does no damage.
You shoot a sling bullet.
The sling bullet closely misses the gnoll.
The gnoll closely misses you. The gnoll hits you with a +0 whip.
You shoot a sling bullet.
The sling bullet barely misses the gnoll.
The gnoll barely misses you. The gnoll hits you but does no damage.
The gnoll misses you. You furiously retaliate!
You headbutt the gnoll. The gnoll hits you with a +0 club!
You shoot a sling bullet.
The sling bullet barely misses the gnoll.
A gnoll comes into view.
It is wielding a +0 whip of electrocution.
The gnoll closely misses you. The gnoll hits you but does no damage.
You shoot a sling bullet.
The sling bullet closely misses the gnoll.
The gnoll shouts!
The gnoll hits you with a +0 whip. The gnoll hits you with a +0 club.
You shoot a sling bullet.
The sling bullet closely misses the gnoll.
The gnoll barely misses you. x2
You shoot a sling bullet. The sling bullet hits the gnoll.
You kill the gnoll!
The gnoll barely misses you.
A worm comes into view.
The gnoll hits you but does no damage.
You have reached level 4!
You feel agile.
You shoot a sling bullet. The sling bullet hits the gnoll.
The gnoll is lightly wounded.
The gnoll hits you with a +0 club.
You shoot a sling bullet.
The sling bullet barely misses the gnoll.
The gnoll hits you with a +0 club. The gnoll barely misses you.
You shoot a sling bullet. The sling bullet hits the gnoll!
The gnoll is severely wounded.
The gnoll hits you with a +0 whip of electrocution.
You die...

#### ########...
#########........#
#.........#####..####
#.#######.##........#
##.# #%...##@g##.#
...# #.#####.g.....#
.### #.# #.###w### .#
#.. ..# .. .# ... ###
.. .# .... . .# .....
.# ...... .# #.


You could see a worm and 2 gnolls.

Vanquished Creatures
  2 gnolls (D:2)
  An adder (D:2)
  3 dart slugs
  2 ball pythons
  3 endoplasms
  A giant cockroach (D:2)
  5 goblins
  3 hobgoblins
  2 jackals (D:2)
  2 bats (D:1)
  3 frilled lizards
  2 kobolds
  4 rats
33 creatures vanquished.

Notes
Turn   | Place    | Note
-------+----------+-------------------------------------------
     0 | D:1      | qw the Minotaur Hexslinger began the quest for the Orb.
     0 | D:1      | Reached XP level 1. HP: 16/16 MP: 1/1
     0 | D:1      | 0 ||| qw: Version: 0.3-a-52-g30416fa
     0 | D:1      | 0 ||| qw: Game counter: 5735
     0 | D:1      | 0 ||| qw: Melee chars always use a shield: true
     0 | D:1      | 0 ||| qw: God list: Okawaru
     0 | D:1      | 0 ||| qw: Allow faded altars: false
     0 | D:1      | 0 ||| qw: Do Orc after clearing Dungeon:15 true
     0 | D:1      | 0 ||| qw: Do second Lair branch before Depths: true
     0 | D:1      | 0 ||| qw: Lair rune preference: random
     0 | D:1      | 0 ||| qw: Goals: Normal
     0 | D:1      | 0 ||| PLANNING D:1-11
   108 | D:1      | Reached skill level 3 in Ranged Weapons
   108 | D:1      | Reached XP level 2. HP: 23/23 MP: 2/2
   815 | D:1      | 815 ||| UPGRADING to +2 leather armour of willpower.
   825 | D:1      | 825 ||| DROPPING +0 robe.
   826 | D:1      | 826 ||| DROPPING ring of magical power.
   827 | D:1      | 827 ||| READING scroll labelled ONKUDI QIGY.
   828 | D:1      | 828 ||| READING scroll labelled POGUUD IHEPT.
   829 | D:1      | 829 ||| READING scroll labelled DEONKE MI LASIG.
   830 | D:1      | 830 ||| READING scroll labelled XAHUZO UNIMIEL.
   831 | D:1      | 831 ||| DRINKING 2 sedimented clear potions.
   832 | D:1      | 832 ||| DROPPING scroll of poison.
   833 | D:1      | 833 ||| DROPPING potion of attraction.
   885 | D:2      | Reached XP level 3. HP: 29/29 MP: 3/3
   950 | D:2      | Reached skill level 4 in Ranged Weapons
  1094 | D:2      | HP: 7/29 [gnoll/+0 club (1)]
  1097 | D:2      | Reached XP level 4. HP: 9/36 MP: 4/4
  1098 | D:2      | HP: 2/36 [gnoll/+0 club (2)]
  1099 | D:2      | Slain by a gnoll

Levels and vault maps discovered:
D:1:      psy_arrival_fountain, layout_loops_corners
D:2:      layout_loops_cross, kennysheep_generic_room_13

Skill      XL: |  1  2  3 |
---------------+----------+-----
Ranged Weapons | 3 4 |  4.5
Fighting       | 2 |  2.0
Dodging        | |  2.1
Spellcasting   | |  1.0
Hexes          | |  2.0

Action                     |  1- 3 |  4- 6 || total
---------------------------+-------+-------++-------
   Fire: Sling             |    93 |     3 ||    96
    Use: Scroll            |     4 |       ||     4
         Potion            |     1 |       ||     1
 Armour: Robe              |     7 |       ||     7
         Leather armour    |    10 |       ||    10
  Dodge: Dodged            |    28 |     1 ||    29

Table legend:
 A = Non-vault XP
 B = Vault XP
 C = Vault XP percentage of total XP
 D = Non-vault monster count
 E = Vault monster count
 F = Vault count percentage of total count
                 A         B        C        D         E       F
            +---------+---------+-------+---------+---------+-------
      Total |      95 |       2 |   2.1 |      32 |       1 |   3.0
            +---------+---------+-------+---------+---------+-------
        D:1 |      33 |       0 |   0.0 |      18 |       0 |   0.0
        D:2 |      62 |       2 |   3.1 |      14 |       1 |   6.7
            +---------+---------+-------+---------+---------+-------
